 Dungeon Crawl Stone Soup version 0.16-a0-2243-g84b8fb8 (webtiles) character file.

2 Aargh the Caregiver (level 1, 0/12 HPs)
             Began as a Kobold Healer on Nov 15, 2014.
             Was a Believer of Elyvilon.
             Slain by an ooze (3 damage)
             ... on level 1 of the Dungeon.
             The game lasted 00:01:36 (85 turns).

Aargh the Caregiver (Kobold Healer)                   Turns: 85, Time: 00:01:36

Health: 0/12       AC:  3    Str: 10    XL:     1   Next: 33%
Magic:  1/2        EV: 15    Int: 10    God:    Elyvilon [**....]
Gold:   0          SH:  0    Dex: 15    Spells: 0 memorised, 0 levels left

rFire  . . .     SeeInvis .     (no weapon)
rCold  . . .     Clarity  .     a - +1 robe
rNeg   . . .     SustAb   .     (no shield)
rPois  .         Gourm    .     (no helmet)
rElec  .         Spirit   .     (no cloak)
rCorr  .         Warding  .     (no gloves)
rMut   .         Stasis   .     (no boots)
MR     .....                    (no amulet)
Stlth  +.........               (no ring)
                                (no ring)

@: not resistant to hostile enchantments, very unstealthy
A: carnivore 3
a: Lesser Healing, Lesser Self-Healing, Divine Protection, Purification,
Renounce Religion


You were on level 1 of the Dungeon.
You worshipped Elyvilon.
Elyvilon was pleased with you.
You were not hungry.

You visited 1 branch of the dungeon, and saw 1 of its levels.

Inventory:

Armour
 a - a +1 robe (worn)
Scrolls
 f - a scroll of enchant weapon {unknown}
Potions
 b - a potion of curing
 c - a potion of heal wounds
 e - a potion of lignification {unknown}
Comestibles
 d - 2 meat rations


   Skills:
 + Level 1.2 Fighting
 + Level 2.4 Dodging
 + Level 3.1 Invocations


You couldn't memorise any spells.
You didn't know any spells.

Dungeon Overview and Level Annotations

Branches:
Dungeon (1/15)

Altars:


Innate Abilities, Weirdness & Mutations

You are small and have problems with some larger weapons.
You are carnivorous and can eat meat at any time.


Message History

The hobgoblin is almost dead.
The hobgoblin misses you.
You hit the hobgoblin.
You kill the hobgoblin!
You hit the hobgoblin but do no damage. The hobgoblin closely misses you.
You hit the hobgoblin but do no damage. The hobgoblin misses you.
You hit the hobgoblin.
The hobgoblin is moderately wounded.
The hobgoblin hits you but does no damage.
You hit the hobgoblin but do no damage. The hobgoblin closely misses you.
You closely miss the hobgoblin. The hobgoblin misses you.
You hit the hobgoblin but do no damage. The hobgoblin hits you with a club.
An ooze comes into view.
You hit the hobgoblin but do no damage. The hobgoblin misses you.
You hit the hobgoblin but do no damage. You barely miss the hobgoblin.
The hobgoblin hits you with a club.
You closely miss the hobgoblin. The hobgoblin barely misses you.
Use which ability? (? or * to list) Heal: a hobgoblin, wielding a club The light of Elyvilon fails to reach the hobgoblin.
You feel somewhat more hungry. The hobgoblin barely misses you.
You hit the ooze.
The ooze is lightly wounded.
The hobgoblin barely misses you.
A giant cockroach comes into view.
You hit the ooze.
The ooze is moderately wounded.
The ooze barely misses you. The hobgoblin hits you with a club!
Elyvilon protects you from harm!
You hit the ooze.
The ooze is moderately wounded.
The ooze closely misses you. The hobgoblin barely misses you.
You hit the ooze but do no damage.
The ooze is moderately wounded.
The ooze hits you. The hobgoblin hits you with a club.
* * * LOW HITPOINT WARNING * * *
You hit the ooze.
The ooze is heavily wounded.
The ooze hits you.
You die...

.#≈≈....≈≈≈....≈≈
#.#≈...≈≈≈.≈≈≈...≈#
#.#≈..≈≈..<.≈≈≈..≈#
..#≈...≈≈≈.≈≈≈...≈#
#.#≈≈....≈≈≈....≈≈
#.#≈≈≈≈≈.....≈≈≈≈≈#
#.#≈≈≈≈≈≈≈.≈≈≈≈≈≈≈#
#.########.########
#....J@gs..........
#.##..##......###. .
#.##..#.......# ...
#.##.s........# ....
##.##...#..#...# .....
#..............#
#......##.....#......#....
#.........................
#.........................


You could see an ooze, 2 giant cockroaches and a hobgoblin.

Vanquished Creatures
  A hobgoblin (D:1)
1 creature vanquished.

Notes
Turn   | Place    | Note
--------------------------------------------------------------
     0 | D:1      | Aargh, the Kobold Healer, began the quest for the Orb.
     0 | D:1      | Reached XP level 1. HP: 12/12 MP: 2/2
    82 | D:1      | Elyvilon protects you from harm!
    85 | D:1      | Slain by an ooze

Action                   || total
-------------------------++-------
Melee: Unarmed           ||    26
Invok: Lesser Healing    ||     5

Table legend:
 A = Turns spent in this place as a percentage of turns spent in the entire game.
 B = Non-inter-level travel turns spent in this place as a percentage of non-inter-level travel turns spent in the entire game.
 C = Inter-level travel turns spent in this place as a percentage of turns spent in this place.
 D = Turns resting spent in this place as a percentage of non-inter-level travel turns spent in this place.
 E = Turns spent auto-exploring this place as a percentage of non-inter-level travel turns spent in this place.
 F = Non-inter-level travel turns spent in this place divided by the number of levels of this place that you've seen.
                   A       B       C       D       E      F
               +-------+-------+-------+-------+-------+----------------------
         Total | 100.0 | 100.0 |   0.0 |   3.4 |   6.8 |  59.0
       Dungeon | 100.0 | 100.0 |   0.0 |   3.4 |   6.8 |  59.0
               +-------+-------+-------+-------+-------+----------------------

Table legend:
 A = Kills in this place as a percentage of kills in entire the game.
 B = Kills by you in this place as a percentage of kills by you in the entire game.
 C = Kills by friends in this place as a percentage of kills by friends in the entire game.
 D = Other kills in this place as a percentage of other kills in the entire game.
 E = Experience gained in this place as a percentage of experience gained in the entire game.
 F = Experience gained in this place divided by the number of levels of this place that you have seen.
                   A       B       C       D       E      F
               +-------+-------+-------+-------+-------+----------------------
         Total | 100.0 | 100.0 |  -nan |  -nan | 100.0 |   2.0
       Dungeon | 100.0 | 100.0 |  -nan |  -nan | 100.0 |   2.0
               +-------+-------+-------+-------+-------+----------------------

Vault maps used:
D:1:      dpeg_arrival_shrine, st_stairs_1, minmay_misc_feat_plants,
          corner_web_ring

Action                   || total
-------------------------++-------
Melee: Unarmed           ||    26
Invok: Lesser Healing    ||     5
Dungeon Crawl Stone Soup version 0.16-a0-2243-g84b8fb8 (webtiles) character file. 2 Aargh the Caregiver (level 1, 0/12 HPs) Began as a Kobold Healer on Nov 15, 2014. Was a Believer of Elyvilon. Slain by an ooze (3 damage) ... on level 1 of the Dungeon. The game lasted 00:01:36 (85 turns). Aargh the Caregiver (Kobold Healer) Turns: 85, Time: 00:01:36 Health: 0/12 AC: 3 Str: 10 XL: 1 Next: 33% Magic: 1/2 EV: 15 Int: 10 God: Elyvilon [**....] Gold: 0 SH: 0 Dex: 15 Spells: 0 memorised, 0 levels left rFire . . . SeeInvis . (no weapon) rCold . . . Clarity . a - +1 robe rNeg . . . SustAb . (no shield) rPois . Gourm . (no helmet) rElec . Spirit . (no cloak) rCorr . Warding . (no gloves) rMut . Stasis . (no boots) MR ..... (no amulet) Stlth +......... (no ring) (no ring) @: not resistant to hostile enchantments, very unstealthy A: carnivore 3 a: Lesser Healing, Lesser Self-Healing, Divine Protection, Purification, Renounce Religion You were on level 1 of the Dungeon. You worshipped Elyvilon. Elyvilon was pleased with you. You were not hungry. You visited 1 branch of the dungeon, and saw 1 of its levels. Dungeon Overview and Level Annotations Branches: Dungeon (1/15) Altars: Innate Abilities, Weirdness & Mutations You are small and have problems with some larger weapons. You are carnivorous and can eat meat at any time. Skills: + Level 1.2 Fighting + Level 2.4 Dodging + Level 3.1 Invocations You couldn't memorise any spells. You didn't know any spells. Inventory: Armour a - a +1 robe (worn) Scrolls f - a scroll of enchant weapon {unknown} Potions b - a potion of curing c - a potion of heal wounds e - a potion of lignification {unknown} Comestibles d - 2 meat rations Message History The hobgoblin is almost dead. The hobgoblin misses you. You hit the hobgoblin. You kill the hobgoblin! You hit the hobgoblin but do no damage. The hobgoblin closely misses you. You hit the hobgoblin but do no damage. The hobgoblin misses you. You hit the hobgoblin. The hobgoblin is moderately wounded. The hobgoblin hits you but does no damage. You hit the hobgoblin but do no damage. The hobgoblin closely misses you. You closely miss the hobgoblin. The hobgoblin misses you. You hit the hobgoblin but do no damage. The hobgoblin hits you with a club. An ooze comes into view. You hit the hobgoblin but do no damage. The hobgoblin misses you. You hit the hobgoblin but do no damage. You barely miss the hobgoblin. The hobgoblin hits you with a club. You closely miss the hobgoblin. The hobgoblin barely misses you. Use which ability? (? or * to list) Heal: a hobgoblin, wielding a club The light of Elyvilon fails to reach the hobgoblin. You feel somewhat more hungry. The hobgoblin barely misses you. You hit the ooze. The ooze is lightly wounded. The hobgoblin barely misses you. A giant cockroach comes into view. You hit the ooze. The ooze is moderately wounded. The ooze barely misses you. The hobgoblin hits you with a club! Elyvilon protects you from harm! You hit the ooze. The ooze is moderately wounded. The ooze closely misses you. The hobgoblin barely misses you. You hit the ooze but do no damage. The ooze is moderately wounded. The ooze hits you. The hobgoblin hits you with a club. * * * LOW HITPOINT WARNING * * * You hit the ooze. The ooze is heavily wounded. The ooze hits you. You die... .#≈≈....≈≈≈....≈≈ #.#≈...≈≈≈.≈≈≈...≈# #.#≈..≈≈..<.≈≈≈..≈# ..#≈...≈≈≈.≈≈≈...≈# #.#≈≈....≈≈≈....≈≈ #.#≈≈≈≈≈.....≈≈≈≈≈# #.#≈≈≈≈≈≈≈.≈≈≈≈≈≈≈# #.########.######## #....J@gs.......... #.##..##......###. . #.##..#.......# ... #.##.s........# .... ##.##...#..#...# ..... #..............# #......##.....#......#.... #......................... #......................... You could see an ooze, 2 giant cockroaches and a hobgoblin.

Vanquished Creatures
  A hobgoblin (D:1)
1 creature vanquished. Notes Turn | Place | Note -------------------------------------------------------------- 0 | D:1 | Aargh, the Kobold Healer, began the quest for the Orb. 0 | D:1 | Reached XP level 1. HP: 12/12 MP: 2/2 82 | D:1 | Elyvilon protects you from harm! 85 | D:1 | Slain by an ooze
